AoeStats
← kV0t3

Enclosed

506537919Analyzed
1v1 RM · 19d ago on Sep 14, 2026· 40m 59s· 2 players
Game mode
Random Map
Map size
Tiny (2 player)
Population
200
Speed
Normal
Resources
Standard
Victory
Conquest
Starting age
Dark Age
Ending age
Imperial Age
RankedLock teamsTeams togetherTeam positionsShared explorationLock speedFull tech treeHidden civsTurbo modeCheats
Victory
Defeat
🇦🇷 Sicilians · Argentina
1199
+15
🇺🇸 Koreans · United States
1180
-15
SpankyDaPossum
12:51 Feudal Age
14:09 Man-at-Arms
16:38 Fletching
23:45 Castle Age
22:45 Scale Mail Armor
26:04 Loom
30:09 Bodkin Arrow
29:52 Long Swordsman
38:53 Arson
kV0t3
0:25 Loom
11:47 Feudal Age
14:15 Double-Bit Axe
15:11 Wheelbarrow
16:52 Fletching
19:16 Scale Mail Armor
23:41 Castle Age
22:01 Stone Mining
21:54 Horse Collar
23:07 Gold Mining
25:51 Bow Saw
26:27 Bodkin Arrow
27:48 Chain Mail Armor
29:37 Gold Shaft Mining
29:06 Heavy Plow
37:12 Imperial Age
35:20 Stone Shaft Mining
36:09 Forging
36:04 Scale Barding Armor
37:34 Iron Casting
41:03 Plate Mail Armor
41:01 Bracer
Connection lost

Rejoining the realm…

Still unreachable

The connection could not be restored.

Session expired

The server has moved on; the page needs a fresh start.